AoeStats
← Landlord of Lead

Socotra

504867149Analyzed
2v2 RM · 24d ago on Sep 6, 2026· 46m 54s· 4 players
Game mode
Random Map
Map size
Tiny (2 player)
Population
200
Speed
Normal
Resources
Standard
Victory
Conquest
Starting age
Dark Age
Ending age
Imperial Age
RankedLock teamsTeams togetherTeam positionsShared explorationLock speedFull tech treeHidden civsTurbo modeCheats
Victory
Defeat
🇺🇸 Bulgarians · United States
920
+16
🇲🇽 Shu · Mexico
871
+18
🇺🇸 Goths · United States
966
-42
🇵🇪 Spanish · Peru
891
-22
Ccow6
2:48 Loom
11:08 Feudal Age
12:43 Double-Bit Axe
12:39 Horse Collar
12:53 Gold Mining
15:00 Scale Mail Armor
25:03 Castle Age
23:44 Forging
24:46 Stone Mining
25:57 Bow Saw
25:48 Heavy Plow
26:25 Gold Shaft Mining
26:29 Gambesons
26:44 Squires
26:06 Pikeman
27:03 Chain Mail Armor
28:48 Wheelbarrow
30:29 Town Watch
32:36 Hand Cart
36:38 Iron Casting
38:48 Town Watch
43:09 Town Patrol
Mikail
5:21 Loom
10:15 Feudal Age
12:55 Double-Bit Axe
21:00 Castle Age
20:20 Gold Mining
20:14 Horse Collar
21:19 Crossbowman
22:35 Fletching
22:46 Padded Archer Armor
28:24 Gold Shaft Mining
28:54 Bodkin Arrow
29:15 Leather Archer Armor
29:21 Stone Mining
31:18 Heavy Plow
35:32 Imperial Age
34:09 Forging
39:36 Chemistry
38:57 Ballistics
38:59 Bracer
39:30 Ring Archer Armor
39:48 Arbalester
47:31 Masonry
Landlord of Lead
2:11 Loom
12:45 Feudal Age
14:04 Double-Bit Axe
13:49 Man-at-Arms
18:25 Forging
18:17 Scale Mail Armor
18:08 Horse Collar
21:41 Gold Mining
21:44 Stone Mining
25:15 Castle Age
25:52 Long Swordsman
25:58 Pikeman
27:19 Iron Casting
27:00 Chain Mail Armor
28:50 Fletching
29:18 Squires
30:54 Wheelbarrow
30:22 Bodkin Arrow
31:35 Bow Saw
31:32 Murder Holes
33:01 Stone Shaft Mining
33:43 Heavy Plow
35:30 Ballistics
Ergos
3:41 Loom
10:56 Feudal Age
17:40 Wheelbarrow
24:47 Castle Age
23:56 Bloodlines
25:06 Light Cavalry
25:48 Husbandry
25:56 Thumb Ring
26:20 Forging
26:16 Scale Barding Armor
29:12 Iron Casting
30:10 Chain Barding Armor
29:57 Town Watch
31:24 Double-Bit Axe
32:48 Town Patrol
33:17 Stone Mining
33:41 Bow Saw
33:14 Horse Collar
34:00 Gold Mining
35:08 Fervor
40:01 Fletching
Connection lost

Rejoining the realm…

Still unreachable

The connection could not be restored.

Session expired

The server has moved on; the page needs a fresh start.